 Dungeon Crawl Stone Soup version 0.27.1-3-gb3d3a73c9e (webtiles) character file.

Game seed: 11309086524444679614

14 barney the Ruffian (level 2, -2/23 HPs)
             Began as a Draconian Transmuter on Oct 6, 2021.
             Slain by a gnoll (5 damage)
             ... on level 1 of the Dungeon.
             The game lasted 00:00:35 (1259 turns).

barney the Ruffian (Draconian Transmuter)           Turns: 1259, Time: 00:00:36

Health: -2/23      AC:  4    Str: 12    XL:     2   Next: 31%
Magic:  5/5        EV: 12    Int: 13    God:
Gold:   27         SH:  0    Dex: 11    Spells: 4/5 levels left

rFire    . . .     SeeInvis .     - Unarmed
rCold    . . .     Faith    .   (no shield)
rNeg     . . .     Spirit   .   (armour unavailable)
rPois    .         Reflect  .   (helmet restricted)
rElec    .         Harm     .   (no cloak)
rCorr    .         Rampage  .   (no gloves)
Will     .....                  (no boots)
Stlth    +.........             (no amulet)
HPRegen  0.07/turn              (no ring)
MPRegen  0.09/turn              (no ring)

@: no status effects
A: AC +4, unfitting armour, cold-blooded
a: no special abilities


You were on level 1 of the Dungeon.
You visited 1 branch of the dungeon, and saw 2 of its levels.

You collected 27 gold pieces.

Inventory:

Missiles
 e - a throwing net
Scrolls
 b - a scroll of teleportation {unknown}
 d - a scroll of magic mapping {unknown}
Potions
 a - a potion of mutation {unknown}
 c - a potion of degeneration {unknown}


   Skills:
 - Level 1.1 Fighting
 - Level 1.7 Dodging
 - Level 3.0 Unarmed Combat
 - Level 2.0 Spellcasting
 + Level 3.0 Transmutations


You had 4 spell levels left.
You knew the following spells:

 Your Spells              Type           Power      Damage    Failure   Level
a - Beastly Appendage     Tmut           18%        N/A       8%          1

Your spell library contained the following spells:

 Spells                   Type           Power      Damage    Failure   Level
 Wereblood                Tmut           9%         N/A       11%         2
 Spider Form              Tmut/Pois      2%         N/A       38%         3
 Ice Form                 Ice/Tmut       5%         N/A       80%         4


Dungeon Overview and Level Annotations

Branches:
Dungeon (2/15)

Altars:


Innate Abilities, Weirdness & Mutations

Your plain brown scales are hard. (AC +4)
You cannot fit into any form of body armour.
You are cold-blooded and may be slowed by cold attacks.


Message History

Your horns disappear.
Your talons disappear.
No target in view!
You see here 10 bolts.
You open the door. 3 gnolls come into view.
The gnoll shouts!
There is an open door here.
There are monsters nearby!
You hit the gnoll.
The gnoll is moderately wounded.
There are monsters nearby!
You barely miss the gnoll.
Your tail-slap misses the gnoll.
The gnoll is moderately wounded.
The gnoll completely misses you. The gnoll barely misses you.
The gnoll hits you from afar with a +0 spear.
There are monsters nearby!
You hit the gnoll.
The gnoll is severely wounded.
The gnoll completely misses you. The gnoll hits you with a +0 whip.
The gnoll closely misses you.
Casting: Beastly Appendage (safe; 8% risk of failure)
Confirm with . or Enter, or press ? or * to list all spells.
You grow a pair of large bovine horns.
Your feet morph into talons.
The gnoll misses you. The gnoll barely misses you.
The gnoll closely misses you.
You see here 10 bolts.
Your transformation is almost over.
The gnoll closely misses you. The gnoll closely misses you.
There is a stone staircase leading up here.
Your horns disappear.
Your talons disappear.
The gnoll hits you with a +0 flail!
Ouch! That really hurt!
* * * LOW HITPOINT WARNING * * *
The gnoll closely misses you.
You climb upwards.
There is a stone staircase leading down here.
Okay, then.
The gnoll hits you with a +0 whip.
You die...

....####......♣♣♣P♣♣...#.# #..#
.............PP♣PP..##.#.# #..#
..............♣♣P....#.#.###..#
........##....♣♣P..#.#........#
..).....#####..P.#.#.#.#.♣♣.♣♣#
.............P.P.#.#...#.♣♣.♣♣
........#####..P##.###.#.♣♣..♣
........# #.##gg.....#.♣♣.P♣
........# #.##@#..>....♣♣.♣♣#
........#####.##.##########.#.#
........##.....#......#.......#
........##.....######.#.#######
........##............#.####
........##.....#####..#....#
........+..........#..####.#
........♣♣P.♣..###.#..####.#
........♣♣..P### #.#.......#


You could see 2 gnolls.

Vanquished Creatures
  An endoplasm (D:1)
  A giant cockroach (D:1)
  3 goblins (D:1)
  A hobgoblin (D:1)
  A quokka (D:1)
  2 ball pythons (D:1)
  A bat (D:1)
  A kobold (D:2)
  2 rats (D:1)
13 creatures vanquished.

Notes
Turn   | Place    | Note
-------+----------+-------------------------------------------
     0 | D:1      | barney the Draconian Transmuter began the quest for the
                  | Orb.
     0 | D:1      | Reached XP level 1. HP: 16/16 MP: 3/3
   585 | D:1      | Found a faded altar of an unknown god.
   590 | D:1      | Reached XP level 2. HP: 23/23 MP: 5/5
  1259 | D:1      | Slain by a gnoll

Illustrated notes

Levels and vault maps discovered:
D:1:      elethiomel_arrival_maze, layout_basic, serial_forest,
          infiniplex_forest_corner_1, infiniplex_forest_straight_4,
          infiniplex_forest_clump_curved, infiniplex_forest_zigzag_1,
          infiniplex_forest_straight_2, shapermc_ecumenical_altar_mp_ritualfount
D:2:      layout_loops_corners, minivault_25, st_stairs_6

Skill      XL: |  1  2 |
---------------+-------+-----
Transmutations | 3 |  3.0
Fighting       | |  1.1
Dodging        | |  1.7
Unarmed Combat | |  3.0
Spellcasting   | |  2.0

Action                   || total
-------------------------++-------
Melee: Unarmed           ||    37
       Tailslap          ||     2
       Headbutt          ||     1
       Punch             ||     1
       Kick              ||     1
 Cast: Beastly Appendage ||     6
Armor: Skin              ||     8
Dodge: Dodged            ||    28
